 Dungeon Crawl Stone Soup version 0.13-b1-32-g21a608e (webtiles) character file.

132 Lilouch the Skirmisher (level 4, -2/36 HPs)
             Began as a Mummy Fighter on Oct 6, 2013.
             Slain by Crazy Yiuf
             ... wielding a +2,+3 quarterstaff of chaos
              (3 damage)
             ... on Level 2 of the Dungeon.
             The game lasted 00:10:56 (5593 turns).

Lilouch the Skirmisher (Mummy Fighter)              Turns: 5593, Time: 00:10:57

HP  -2/36        AC  6     Str 20      XL: 4   Next:  2%
MP   2/3         EV  6     Int  7      God:
Gold 63          SH 18     Dex 11      Spells:  0 memorised,  3 levels left

Res.Fire  : x . .   See Invis. : .   a - +0 hand axe {=f}
Res.Cold  : + . .   Warding    : .   b - +0 scale mail
Life Prot.: + + +   Conserve   : .   c - +0 shield
Res.Poison: +       Res.Corr.  : .   (no helmet)
Res.Elec. : .       Clarity    : .   (no cloak)
Sust.Abil.: . .     Spirit.Shd : .   (no gloves)
Res.Mut.  : .       Stasis     : .   (no boots)
Res.Rott. : +       Flight     : .   (no amulet)
Saprovore : . . .                    (no ring)
                                     (no ring)

@: slightly resistant to hostile enchantments, extremely unstealthy
A: no food or potions, fire vulnerability, restore body, cold resistance 1, life
protection 3, poison resistance, torment resistance, unbreathing
a: no special abilities


You were on level 2 of the Dungeon.
You were not hungry.

You visited 1 branch of the dungeon, and saw 3 of its levels.

You collected 43 gold pieces.

Inventory:

Hand weapons
 a - a +0,+0 hand axe (weapon) {=f}
 y - a +0 blowgun
Missiles
 e - 34 darts (quivered)
 f - 31 arrows
 g - 14 stones
 p - 18 bolts of penetration
 s - 17 bolts
 z - 6 poisoned needles
Armour
 b - a +0 scale mail (worn)
 c - a +0 shield (worn)
Comestibles
 i - a choko
 k - a meat ration
 n - 2 bread rations
Scrolls
 d - a scroll of magic mapping {unknown}
 h - 2 scrolls of teleportation {unknown}
 j - a scroll of fog {unknown}
 m - 2 scrolls of remove curse {unknown}
 q - a scroll of enchant weapon II {unknown}
 r - a scroll of identify {unknown}
 u - a scroll of curse armour {unknown}
 v - a scroll of amnesia {unknown}
 w - 2 scrolls of recharging {unknown}
 A - a scroll of random uselessness {unknown}
Jewellery
 B - an uncursed ring of flight {unknown}
Potions
 l - a potion of curing {unknown}
 o - a potion of brilliance {unknown}
 t - a potion of speed {unknown}
 x - a potion of degeneration {unknown}


   Skills:
 + Level 3.3 Fighting
 * Level 1.9 Axes
 + Level 3.0 Armour
 - Level 1.0 Dodging
 + Level 2.8 Shields


You had 3 spell levels left.
You didn't know any spells.

Dungeon Overview and Level Annotations

Branches:
Dungeon (3/27)

Altars:

Annotations:
D:2 Crazy Yiuf


Innate Abilities, Weirdness & Mutations

You do not eat or drink.
Your flesh is vulnerable to fire.
Your flesh is cold resistant.
You are immune to negative energy.
Your system is resistant to poisons.
You are immune to unholy pain and torment.
You can survive without breathing.


Message History

You closely miss Crazy Yiuf.
Crazy Yiuf is moderately wounded.
Crazy Yiuf hits you with a quarterstaff of chaos!
* * * LOW HITPOINT WARNING * * *
You barely miss Crazy Yiuf.
Crazy Yiuf is moderately wounded.
You block Crazy Yiuf's attack.
You hit Crazy Yiuf.
Crazy Yiuf is heavily wounded.
You block Crazy Yiuf's attack.
You hit Crazy Yiuf.
Crazy Yiuf is severely wounded.
Crazy Yiuf laughs, "Snoogle light Hive!"
Crazy Yiuf hits you with a quarterstaff of chaos.
* * * LOW HITPOINT WARNING * * *
You convulse.
* * * LOW HITPOINT WARNING * * *
Crazy Yiuf says, "Crazy?
Crazy!?
PORCUPINE!"
Crazy Yiuf hits you with a quarterstaff of chaos.
You die...

#..).....#### ...
............# #g#
##.......#### ##ยง#
#<.......#### #.##
.....#.#....# ##.#
..#)........# #.##
............# ##.##
.###........# #g#.##
............# #.@..#
######.#..### #....#
..........# #....#
.#####.#.####.#....#
.....#........#.#.##
.###.###.######.#.#
................#.#
####......#######.#
...............##.#


You could see Crazy Yiuf.

Vanquished Creatures
  2 adders
  A ball python (D:1)
  7 bats (D:1)
  2 giant cockroaches
  5 goblins
  8 hobgoblins
  7 kobolds
  3 giant geckos
  3 giant newts (D:1)
  2 quokkas (D:2)
  4 rats
44 creatures vanquished.

Notes
Turn   | Place    | Note
--------------------------------------------------------------
     0 | D:1      | Lilouch, the Mummy Fighter, began the quest for the Orb.
     0 | D:1      | Reached XP level 1. HP: 18/18 MP: 0/0
   337 | D:1      | Reached XP level 2. HP: 22/24 MP: 1/1
   914 | D:1      | Reached XP level 3. HP: 30/30 MP: 2/2
  2713 | D:1      | Reached skill level 1 in Dodging
  5126 | D:1      | Noticed a deep elf fighter
  5183 | D:1      | Noticed a slime creature
  5436 | D:2      | Reached XP level 4. HP: 34/36 MP: 3/3
  5570 | D:2      | Noticed Crazy Yiuf
  5593 | D:2      | HP: 1/36 [Crazy Yiuf/quarterstaff of chaos (2)]
  5593 | D:2      | Slain by Crazy Yiuf

Action                   |  1- 3 |  4- 6 || total
-------------------------+-------+-------++-------
Melee: Hand axe          |   165 |    36 ||   201
Throw: Dart              |       |     1 ||     1
